 Dungeon Crawl Stone Soup version 0.31-a0-1068-g5939ac1fb6 (webtiles) character file.

Game seed: 2528447511826665012

566454 Malachi the Blood Saint (level 25, -18/171 HPs)
             Began as a Demonspawn Hunter on Nov 23, 2023.
             Was the Champion of Makhleb.
             Demolished by a formless jellyfish (24 damage)
             ... on level 1 of the Pits of Slime.
             The game lasted 02:06:11 (58050 turns).

Malachi the Blood Saint (Demonspawn Hunter)        Turns: 58050, Time: 02:06:12

Health: -18/171    AC:  8    Str: 12    XL:     25   Next: 50%
Magic:  0/45       EV: 30    Int:  9    God:    Makhleb [******]
Gold:   879        SH: 39    Dex: 28    Spells: 24/24 levels left

rFire   + + .        Y - +9 hand cannon (heavy)
rCold   + . .        L - +5 kite shield {reflect}
rNeg    + . .        a - +5 moon troll leather armour {Spirit, Regen++ MP+5}
rPois   +            (helmet unavailable)
rElec   +            b - +1 cloak of Starlight {*Dazzle EV+4 Stlth--}
rCorr   +            U - +2 pair of gloves {Dex+3}
SInv    +            w - +2 pair of boots "Xaqoyxai" {-Cast rElec rC+ rCorr}
Will    ++...        c - brooch of Shielding {Spirit SH+8} Stlth
                     X - ring of Conformity {Fly rPois rN+ Will+ Slay-3}
HPRegen 2.08/turn    C - ring "Wiohoih" {rElec Will- AC+4 Int-5 Slay+5}
MPRegen 0.58/turn

%: no spellcasting, reflection, guardian spirit
@: corroded, flying, studying 3 skills
A: antennae 3, large bone plates 3, hurl damnation, spiny 3, torment resistance
1, magic shield, magic regeneration, magic link, demonic willpower, hooves 2,
deterioration 2, fire resistance 2, frail 2, screaming 1
}: 3/15 runes: serpentine, barnacled, silver
a: Hurl Damnation, Renounce Religion, Minor Destruction, Lesser Servant of
Makhleb, Major Destruction, Greater Servant of Makhleb


You were on level 1 of the Pits of Slime.
You worshipped Makhleb.
Makhleb was exalted by your worship.
You visited 12 branches of the dungeon, and saw 46 of its levels.
You visited the Abyss 1 time.
You also visited: Trove, Bailey, Ice Cave, Volcano and Wizlab.

You collected 8192 gold pieces.
You spent 7313 gold pieces at shops.

Inventory:

Hand Weapons
 Y - a +9 heavy hand cannon (weapon)
Missiles
 J - 11 curare-tipped darts
Armour
 a - the +5 moon troll leather armour (worn) {Spirit, Regen++ MP+5}
   (You took it off a kobold in a bailey)

   MP+5:      It affects your magic capacity (+5).
   Regen++:   It increases your rate of health regeneration.
 b - the +1 cloak of Starlight (worn) {*Dazzle EV+4 Stlth--}
   (You acquired it on level 13 of the Dungeon)

   *Dazzle:   It may blind those who miss an attack against the wearer in melee
   combat.
   EV+4:      It affects your evasion (+4).
   Stlth--:   It makes you much less stealthy.
 n - the +1 cloak of the Barracuda {Will+ Int+5 SInv}
   (You found it on level 9 of the Dungeon)

   Int+5:     It affects your intelligence (+5).
   Will+:     It increases your willpower.
   SInv:      It lets you see invisible.
 w - the +2 pair of boots "Xaqoyxai" (worn) {-Cast rElec rC+ rCorr}
   (You acquired it on level 3 of the Lair of Beasts)

   rC+:       It protects you from cold.
   rElec:     It insulates you from electricity.
   -Cast:     It prevents spellcasting.
   rCorr:     It protects you from acid and corrosion.
 A - the +3 pair of mountain boots {steadfast, rC+}
   (You bought it in a shop on level 3 of the Dungeon)

   Steadfast: It prevents involuntary movement, except for blinking,
   teleportation, or banishment.
   rC+:       It protects you from cold.
 K - the +4 kite shield of Plasticity {rF++ rN+ Str-3 SInv}
   (You acquired it on level 3 of the Snake Pit)

   Str-3:     It affects your strength (-3).
   rF++:      It greatly protects you from fire.
   rN+:       It protects you from negative energy.
   SInv:      It lets you see invisible.
 L - a +5 kite shield of reflection (worn)
 U - a +2 pair of gloves of dexterity (worn)
Jewellery
 c - the brooch of Shielding (around neck) {Spirit SH+8}
   (You found it on level 5 of the Lair of Beasts)

   [amulet of guardian spirit]

   Spirit:    It causes incoming damage to be divided between your reserves of
   health and magic.
   SH+8:      It affects your SH (+8).
 o - the ring "Tuolafes" {rPois rCorr}
   (You found it on level 3 of the Crypt)

   [ring of poison resistance]

   rPois:     It protects you from poison rCorr: It protects you from acid and
   corrosion.
 C - the ring "Wiohoih" (right hand) {rElec Will- AC+4 Int-5 Slay+5}
   (You bought it in a shop on level 13 of the Dungeon)

   [ring of protection]

   AC+4:      It affects your AC (+4).
   Int-5:     It affects your intelligence (-5).
   Slay+5:    It affects your accuracy & damage with ranged weapons and melee
   (+5).
   rElec:     It insulates you from electricity.
   Will-:     It decreases your willpower.
 X - the ring of Conformity (left hand) {Fly rPois rN+ Will+ Slay-3}
   (You found it in an ice cave)

   [ring of flight]

   Slay-3:    It affects your accuracy & damage with ranged weapons and melee
   (-3).
   rPois:     It protects you from poison rN+: It protects you from negative
   energy.
   Will+:     It increases your willpower.
   Fly:       It grants you flight.
Talismans
 G - the death talisman "Huixina" {+Blink Int-3 Dex+6}
   (You bought it in a shop on level 3 of the Elven Halls)

   [talisman of death]

   Int-3:     It affects your intelligence (-3).
   Dex+6:     It affects your dexterity (+6).
   +Blink:    It lets you blink.
Wands
 f - a wand of polymorph (4)
 h - a wand of mindburst (32)
 E - a wand of roots (58)
 I - a wand of digging (7)
 O - a wand of acid (37)
 W - a wand of paralysis (38)
Scrolls
 d - 3 scrolls of torment
 e - 6 scrolls of fog
 g - 10 scrolls of revelation
 k - 4 scrolls of blinking
 m - 25 scrolls of teleportation
 s - 2 scrolls of brand weapon
 t - 17 scrolls of poison
 u - 11 scrolls of immolation
 y - 3 scrolls of fear
 R - 3 scrolls of summoning
 S - 5 scrolls of enchant weapon
 T - 2 scrolls of enchant armour
 V - 5 scrolls of silence
Potions
 i - 5 potions of invisibility
 j - 4 potions of resistance
 r - 9 potions of haste
 v - 22 potions of mutation
 x - 21 potions of curing
 z - 8 potions of brilliance
 B - 10 potions of attraction
 D - 6 potions of magic
 F - 6 potions of enlightenment
 H - 11 potions of might
 M - 3 potions of lignification
 N - 5 potions of berserk rage
 P - 7 potions of ambrosia
 Q - 7 potions of cancellation
 Z - 5 potions of heal wounds
Miscellaneous
 l - a phantom mirror
 p - a phial of floods
 q - a tin of tremorstones (inert)


   Skills:
 - Level 21.3 Fighting
 - Level 18.1 Ranged Weapons
 - Level 15.0 Armour
 - Level 15.0 Dodging
 - Level 0.8 Stealth
 - Level 21.0 Shields
 O Level 27 Invocations
 - Level 10.0 Evocations
 * Level 5.5 Shapeshifting


You had 24 spell levels left.
You didn't know any spells.
Your spell library contained the following spells:

 Spells                   Type           Power      Damage    Failure   Level
 Apportation              Tloc           0%         N/A       56%         1
 Foxfire                  Conj/Fire      0%         2x1d4     56%         1
 Freeze                   Ice            0%         1d3       56%         1
 Magic Dart               Conj           0%         1d3       56%         1
 Necrotise                Necr           0%         1d4       56%         1
 Sandblast                Erth           0%         2d4       56%         1
 Summon Small Mammal      Summ           0%         N/A       56%         1
 Call Imp                 Summ           0%         N/A       71%         2
 Cigotuvi's Dreadful Rot  Necr/Pois/Air  0%         N/A       71%         2
 Ensorcelled Hibernation  Hex/Ice        0%         N/A       71%         2
 Jinxbite                 Hex            0%         N/A       71%         2
 Passwall                 Tmut/Erth      0%         N/A       71%         2
 Scorch                   Fire           0%         2d5       71%         2
 Static Discharge         Conj/Air       0%         3-3/arc   71%         2
 Sublimation of Blood     Necr           0%         N/A       71%         2
 Wereblood                Tmut           0%         N/A       71%         2
 Call Canine Familiar     Summ           0%         N/A       90%         3
 Dazzling Flash           Conj/Hex       0%         N/A       90%         3
 Frozen Ramparts          Ice            0%         1d1       90%         3
 Gell's Gravitas          Tloc           0%         N/A       90%         3
 Hailstorm                Conj/Ice       0%         3d3       90%         3
 Ignite Poison            Fire/Tmut/Pois 0%         N/A       90%         3
 Mephitic Cloud           Conj/Pois/Air  0%         N/A       90%         3
 Stone Arrow              Conj/Erth      0%         3d7       90%         3
 Summon Guardian Golem    Hex/Summ       0%         N/A       90%         3
 Swiftness                Air            0%         N/A       90%         3
 Teleport Other           Tloc           0%         N/A       90%         3
 Volatile Blastmotes      Fire/Tloc      0%         2d10      90%         3
 Airstrike                Air            0%         2d(0-16)  100%        4
 Animate Armour           Summ/Erth      0%         N/A       100%        4
 Brom's Barrelling Bould  Conj/Erth      0%         2d3       100%        4
 Dimensional Bullseye     Hex/Tloc       0%         N/A       100%        4
 Dispel Undead            Necr           0%         3d6       100%        4
 Flame Wave               Conj/Fire      0%         2d4       100%        4
 Fulminant Prism          Conj/Hex       0%         3d5       100%        4
 Iskenderun's Mystic Bla  Conj/Tloc      0%         2d3       100%        4
 Leda's Liquefaction      Hex/Erth       0%         N/A       100%        4
 Passage of Golubria      Tloc           0%         N/A       100%        4
 Petrify                  Tmut/Erth      0%         N/A       100%        4
 Sticky Flame             Conj/Fire      0%         2d3       100%        4
 Summon Ice Beast         Ice/Summ       0%         N/A       100%        4
 Summon Lightning Spire   Summ/Air       0%         N/A       100%        4
 Vhi's Electric Charge    Tloc/Air       0%         N/A       100%        4
 Agony                    Necr           0%         N/A       100%        5
 Alistair's Intoxication  Tmut/Pois      0%         N/A       100%        5
 Arcjolt                  Conj/Air       0%         1d10      100%        5
 Borgnjor's Vile Clutch   Necr/Erth      0%         N/A       100%        5
 Fireball                 Conj/Fire      0%         3d3       100%        5
 Freezing Cloud           Conj/Ice/Air   0%         6-21      100%        5
 Irradiate                Conj/Tmut      0%         3d11      100%        5
 Iskenderun's Battlesphe  Conj           0%         2d6       100%        5
 Lee's Rapid Deconstruct  Erth           0%         3d4*      100%        5
 Silence                  Hex/Air        0%         N/A       100%        5
 Summon Forest            Summ/Tloc      0%         N/A       100%        5
 Summon Mana Viper        Hex/Summ       0%         N/A       100%        5
 Bombard                  Conj/Erth      0%         9d1       100%        6
 Conjure Ball Lightning   Conj/Air       0%         3x3d6     100%        6
 Death Channel            Necr           0%         N/A       100%        6
 Dispersal                Tloc           0%         N/A       100%        6
 Eringya's Noxious Bog    Tmut/Pois      0%         4d6       100%        6
 Plasma Beam              Fire/Air       0%         2x1d10    100%        6
 Simulacrum               Ice/Necr       0%         N/A       100%        6
 Starburst                Conj/Fire      0%         6d3       100%        6
 Summon Cactus Giant      Summ           0%         N/A       100%        6
 Orb of Destruction       Conj           0%         9d5       100%        7
 Ozocubu's Refrigeration  Ice            0%         4d7       100%        7
 Spellforged Servitor     Conj/Summ      0%         N/A       100%        7
 Summon Hydra             Summ           0%         N/A       100%        7
 Disjunction              Tloc           0%         N/A       100%        8
 Ignition                 Fire           0%         3d3       100%        8
 Lehudib's Crystal Spear  Conj/Erth      0%         10d2      100%        8
 Maxwell's Capacitive Co  Air            0%         ∞         100%        8
 Chain Lightning          Conj/Air       0%         N/A       100%        9
 Dragon's Call            Summ           0%         N/A       100%        9
 Fire Storm               Conj/Fire      0%         5d1       100%        9
 Polar Vortex             Ice            0%         N/A       100%        9
 Shatter                  Erth           0%         3d5*      100%        9


Dungeon Overview and Level Annotations

Branches:
Dungeon (15/15)            Temple (1/1) D:4            Lair (5/5) D:10
 Shoals (4/4) Lair:3        Snake (4/4) Lair:3        Slime (2/5) Lair:4
    Orc (2/2) D:9             Elf (3/3) Orc:2        Vaults (5/5) D:14
  Crypt (3/3) Vaults:2       Tomb (0/3) Crypt:3      Depths (1/4) D:15
   Hell (visited)             Dis (0/7) Hell            Geh (0/7) Hell
    Coc (0/7) Hell            Tar (0/7) Hell         Bailey (visited)
  IceCv (visited)         Volcano (visited)          WizLab (visited)

Altars:
Ashenzari
Cheibriados
Dithmenos
Fedhas
Gozag
Hepliaklqana
Kikubaaqudgha
Makhleb
Nemelex Xobeh
Okawaru
Qazlal
Ru
Sif Muna
Trog
Uskayaw
Vehumet
Wu Jian
Xom
Yredelemnul

Shops:
D:3 *   D:9 !   D:13 =?*   Orc:2 [[?(   Elf:3 =::   Shoals:2 *   Vaults:1 !
Vaults:2 [   Vaults:4 (

Portals:
Hell: Depths:1
Pandemonium: Depths:1

Annotations:
D:3 Fildev's ghost, amateur HOBe


Innate Abilities, Weirdness & Mutations

You have a pair of large antennae on your head. (SInv)
You are completely covered in large bone plates. (SH +8)
You can hurl damnation.
You are completely covered in sharp spines.
You are resistant to unholy torment.
When hurt, damage is shared between your health and your magic reserves.
You regenerate magic rapidly.
When low on magic, you restore magic in place of health.
You punish those that try to bend your will. (Will+)
You have hoof-like feet.
Your body often deteriorates upon taking damage.
Your flesh is very heat resistant. (rF++)
You are very frail. (-20% HP)
You occasionally shout uncontrollably at your foes.


Message History

* * * LOW HITPOINT WARNING * * *
The formless jellyfish is struck by your spines.
The formless jellyfish closely misses you.
The formless jellyfish is struck by your spines.
The formless jellyfish barely misses you.
The azure jelly hits you but does no damage.
The azure jelly hits you.
* * * LOW HITPOINT WARNING * * *
The azure jelly freezes you!! You resist.
* * * LOW HITPOINT WARNING * * *
The azure jelly barely misses you.
The azure jelly hits you but does no damage.
Unknown command.
Unknown command.
Fire: Y) +9 hand cannon (heavy)
Press: ? - help, Q - select action, (/) - cycle Shift-Dir - straight line, f/p - shining eye
Aim: a shining eye (magical condensation, almost dead, 95% to hit)
You shoot a bolt. The bolt hits the shining eye!!!
You kill the shining eye!
Makhleb accepts your kill. The acid blob hits you!!
* * * LOW HITPOINT WARNING * * *
The acid corrodes you!
You are splashed with acid.
You resist.
* * * LOW HITPOINT WARNING * * *
The azure jelly is struck by your spines.
The azure jelly closely misses you. You block the azure jelly's attack. x3
The formless jellyfish completely misses you.
The formless jellyfish is struck by your spines.
The formless jellyfish closely misses you.
The acid blob spits acid at you. The splash of acid hits you! You resist.
* * * LOW HITPOINT WARNING * * *
The acid corrodes you! The shining eye gazes at you.
Strange energies course through your body.
The azure jelly misses you.
The azure jelly completely misses you. x2
The azure jelly barely misses you.
The formless jellyfish is struck by your spines.
The formless jellyfish stings you!!
You die...

#.###.......#..#.........#.##
### ##..........#...........##
#.###....#...................#
....##.....##.............#.##
.....................##^.## #
......................#.#.##
...........................##
..#..##........°JJ..........##
......##.......°@J...........#
.......##......G.J........#.##
#.##..###..........#.....####
####### ##.#..............##
.....#..............#
..##.###.#....#.....## #. #.#
####..#.......# # ...
#....#.##....# ##.#
##..#...###.##


You could see 2 formless jellyfish, an acid blob, an azure jelly and a shining
eye.

Vanquished Creatures
  2 ancient liches
  Khufu (Crypt:2)
  Boris (Vaults:3)
  A royal mummy (Crypt:2)
  Sojobo (Crypt:1)
  Bai Suzhen (Snake:3)
  A curse toe (Crypt:3)
  Margery (Crypt:2)
  Xtahua (Vaults:3)
  Geryon (Hell)
  The ghost of TuffENuff the End of an Era, a veteran FoFi of Qazlal (Vaults:4)
  2 golden dragons (Vaults:5)
  Norris (Elf:3)
  Nikola (Shoals:3)
  A bone dragon (Crypt:2)
  A mutant beast (WizLab)
  3 doom hounds (Crypt:2)
  The ghost of kal9871 the Skinwalker, a veteran OpSh of Gozag (Elf:3)
  4 Tzitzimimeh (Crypt:2)
  A hellephant (Depths:1)
  Jorgrun (Shoals:1)
  2 deep elf blademasters
  2 tentacled monstrosities (Vaults:5)
  A shard shrike skeleton (Crypt:3)
  Mlioglotl (Snake:3)
  Grunn (Crypt:2)
  5 liches
  3 titans (Vaults:5)
  2 quicksilver dragons
  Murray (Depths:1)
  3 sphinxes
  A deep elf master archer (Elf:3)
  3 acid blobs
  Frances (D:12)
  2 krakens
  10 ancient champions
  5 tengu reavers
  A shadow dragon (Vaults:5)
  Agnes (Snake:3)
  5 revenants (Crypt:1)
  Ilsuiw (Shoals:2)
  Gastronok (D:11)
  4 storm dragons (Vaults:5)
  Roxanne (Snake:2)
  4 azure jellies
  Donald (Vaults:1)
  7 fire giants
  6 nagarajas
  6 frost giants
  9 deep elf sorcerers
  A fire giant (shapeshifter) (Vaults:5)
  17 vault wardens
  2 caustic shrike zombies
  2 curse skulls (Crypt:1)
  5 deep elf elementalists (Elf:3)
  The ghost of Omnilove the Bludgeoner, a journeyman MiBe of Trog (Snake:1)
  A juggernaut zombie (Hell)
  12 ghouls
  An orc warlord (Orc:2)
  19 ironbound preservers
  12 reapers
  11 very ugly things
  2 caustic shrike skeletons (Crypt:3)
  3 quicksilver oozes
  10 formless jellyfish
  The ghost of peterlawrence the Severer, a journeyman MiFi of Okawaru (Lair:5)
  4 war gargoyles
  5 ironbound thunderhulks
  The ghost of Pascal76 the Severer, a journeyman MiFi of Okawaru (Lair:5)
  4 deep elf demonologists
  A putrid mouth (Crypt:2)
  23 dire elephants
  12 deep elf annihilators
  10 vampire knights
  A red draconian (Volcano)
  A lorocyproca (Depths:1)
  3 minotaurs (Shoals:4)
  5 stone giants
  A green death (Depths:1)
  Azrael (Snake:2)
  8 deep elf death magi
  6 ettins
  16 jiangshi
  7 eidola
  5 blizzard demons
  An ettin (shapeshifter) (WizLab)
  2 merfolk javelineers
  15 yaktaur captains
  3 fire dragons
  7 deep elf high priests
  A spriggan zombie (Crypt:1)
  4 merfolk impalers
  A great orb of eyes (shapeshifter) (Vaults:4)
  5 salamander tyrants
  A fenstrider witch zombie (Crypt:3)
  4 great orbs of eyes
  A peacekeeper (Vaults:4)
  10 hydras
  An ice dragon (Depths:1)
  Erolcha (D:9)
  33 vault guards
  A catoblepas (Lair:5)
  A rakshasa (Depths:1)
  2 spriggan skeletons (Crypt:3)
  12 satyrs
  5 merfolk avatars
  7 ironbound frosthearts
  10 anacondas
  4 radroaches (WizLab)
  6 ogre magi
  3 deep troll shamans (Depths:1)
  A demonic crawler (Depths:1)
  16 centaur warriors
  3 merfolk aquamancers
  4 fenstrider witch skeletons
  6 two-headed ogres
  5 boulder beetles
  9 naga warriors
  A death yak (Lair:5)
  3 hell hogs (Depths:1)
  2 deep troll earth magi
  5 orc high priests (Orc:2)
  3 titan zombies
  41 dancing weapons
  9 shock serpents
  8 vampire magi
  7 tengu warriors
  13 naga sharpshooters
  4 sun demons
  A shock serpent (shapeshifter) (WizLab)
  3 soul eaters
  29 hell knights
  8 titan skeletons
  2 shadow wraiths
  A storm dragon zombie (Crypt:2)
  Nergalle (D:12)
  22 deep elf knights
  A skyshark (shapeshifter) (WizLab)
  3 iron trolls (Depths:1)
  6 salamander mystics
  14 skysharks
  A spectral death yak (Lair:5)
  31 skeletal warriors
  2 storm dragon skeletons (D:15)
  7 large abominations (WizLab)
  Lodul (D:11)
  A sixfirhy (Depths:1)
  5 flayed ghosts
  2 spark wasp zombies
  10 sea snakes
  A death drake (shapeshifter) (WizLab)
  2 golden dragon zombies (Hell)
  A swamp dragon (shapeshifter) (WizLab)
  33 deep trolls
  A bunyip zombie (Hell)
  10 arcanists
  6 naga ritualists
  A glowing orange brain (Vaults:1)
  An anaconda skeleton (Crypt:3)
  2 glowing orange brains (shapeshifter) (WizLab)
  A spectral anaconda (Lair:5)
  12 deep elf archers
  An obsidian statue (Lair:5)
  25 ironbound convokers
  A bunyip skeleton (Crypt:3)
  2 spriggan simulacra
  4 bog bodies
  2 lindwurms (shapeshifter) (WizLab)
  10 phantasmal warriors
  13 lindwurms
  48 ugly things
  A fenstrider witch simulacrum (Hell)
  26 deep elf pyromancers
  33 deep elf zephyrmancers
  10 mana vipers
  4 orc knights (Orc:2)
  2 wolf spiders (shapeshifter) (WizLab)
  A stone giant zombie (Crypt:1)
  A mana viper (shapeshifter) (WizLab)
  A harpy (shapeshifter) (D:14)
  28 harpies
  16 fauns
  15 necromancers
  3 cyclopes (shapeshifter) (WizLab)
  3 human zombies
  3 frost giant zombies (Hell)
  6 orc sorcerers
  6 cyclopes
  2 shining eyes
  A shadow dragon skeleton (Crypt:3)
  A tengu skeleton (Vaults:4)
  A stone giant skeleton (Crypt:3)
  17 manticores
  2 manticores (shapeshifter) (WizLab)
  2 elephants (shapeshifter)
  11 guardian serpents
  22 salamanders
  3 guardian serpents (shapeshifter)
  A dire elephant zombie (Crypt:1)
  16 vault sentinels
  30 black mambas
  5 merfolk sirens
  14 elephants
  Joseph (Lair:1)
  7 water nymphs
  An eye of devastation (Slime:1)
  3 ice statues
  A gargoyle (D:12)
  3 centaur zombies
  A water nymph (shapeshifter) (Vaults:4)
  A cane toad (shapeshifter) (D:13)
  13 naga magi
  A torpor snail (Lair:3)
  4 smoke demons
  4 centaur skeletons
  2 efreet
  6 komodo dragons
  11 cane toads
  A komodo dragon (shapeshifter) (Vaults:5)
  5 molten gargoyles
  2 orc skeletons (Crypt:1)
  37 yaktaurs
  2 dire elephant skeletons
  2 unseen horrors (D:11)
  2 ice devils (Depths:1)
  A kobold demonologist (Elf:1)
  7 rime drakes
  4 tormentors
  A freezing wraith (Vaults:5)
  A yellow draconian zombie (Crypt:2)
  A tengu conjurer (Depths:1)
  Psyche (D:12)
  A sea snake zombie (Crypt:3)
  A yaktaur (shapeshifter) (WizLab)
  A red devil (Hell)
  A black draconian skeleton (Crypt:3)
  A merfolk (shapeshifter) (WizLab)
  A troll (shapeshifter) (D:14)
  7 guardian mummies
  A mana viper zombie (Crypt:2)
  23 merfolk
  6 trolls
  A purple draconian skeleton (Crypt:3)
  3 polar bears
  4 wind drakes
  3 harpy skeletons (Crypt:1)
  3 harpy zombies
  A spectral elephant (Lair:5)
  6 snapping turtles
  4 glass eyes (WizLab)
  6 dream sheep
  13 blink frogs
  An elf zombie (Vaults:4)
  2 ettin zombies
  14 flying skulls
  75 slime creatures
  4 centaur simulacra
  A shadow (D:11)
  7 air elementals
  9 wyverns
  A black mamba zombie (Crypt:1)
  An ettin skeleton (Crypt:3)
  An ice dragon skeleton (Crypt:3)
  60 yaks
  22 water elementals
  A fire dragon skeleton (Crypt:1)
  6 small abominations (WizLab)
  7 wraiths
  5 fire elementals
  A vampire (D:14)
  2 black mamba skeletons
  11 basilisks
  2 death yak simulacra (Lair:5)
  A glowing shapeshifter zombie (Hell)
  2 vampire mosquitoes (D:13)
  A basilisk (shapeshifter) (Elf:3)
  2 deep troll zombies
  An iron golem (WizLab)
  8 wargs
  A demonspawn zombie (Crypt:3)
  A naga zombie (Crypt:2)
  A hydra simulacrum (Hell)
  4 acid dragons
  38 nagas
  12 water moccasins
  Duvessa (D:6)
  A deep troll skeleton (Crypt:1)
  A great orb of eyes simulacrum (IceCv)
  8 hell hounds
  A two-headed ogre skeleton (Crypt:2)
  A water nymph skeleton (Crypt:1)
  3 naga skeletons
  57 orc warriors
  A sky beast (D:6)
  An ettin simulacrum (Hell)
  A black bear (Lair:3)
  An elephant zombie (Lair:5)
  2 ice beasts (D:6)
  9 wolves
  23 ogres
  2 boggarts
  A swamp dragon skeleton (Crypt:1)
  3 centaurs
  A centaur (shapeshifter) (Elf:1)
  An elephant skeleton (Lair:5)
  3 slime creature simulacra (IceCv)
  A yaktaur zombie (Crypt:1)
  4 kobold brigands
  12 bullfrogs
  A komodo dragon skeleton (Crypt:3)
  3 earth elementals
  3 scorpions
  3 necrophages
  2 cane toad simulacra (Lair:5)
  26 wights
  3 glowing shapeshifter simulacra (IceCv)
  Dowan (D:6)
  3 elephant simulacra (Lair:5)
  A warg zombie (Crypt:3)
  2 shapeshifter zombies (Crypt:1)
  15 killer bees
  4 howler monkeys (D:9)
  An electric eel (Orc:1)
  A jelly (D:8)
  2 hounds
  3 gnoll boudas
  A basilisk skeleton (Crypt:2)
  33 orc priests
  2 iguanas (D:7)
  24 orc wizards
  2 sleepcaps
  5 shapeshifter simulacra (IceCv)
  22 hell rats
  2 acid dragon zombies
  An ice beast zombie (Crypt:3)
  9 mummies
  20 gnolls
  6 adders
  A shadow imp (D:6)
  2 white imps
  An adder skeleton (Crypt:1)
  A lava snake skeleton (Crypt:2)
  3 worms
  A dart slug (D:1)
  105 orcs
  3 ball pythons
  A bat skeleton (Crypt:1)
  5 endoplasms
  3 giant cockroaches
  7 goblins
  7 hobgoblins
  3 jackals (D:1)
  30 kobolds
  3 quokkas
  7 bats
  A bat (shapeshifter) (WizLab)
  5 frilled lizards
  8 rats
  2 tentacles (Shoals:2)
2285 creatures vanquished.

Vanquished Creatures (collateral kills)
  A tentacled monstrosity (Vaults:4)
  Asterion (D:15)
  3 tengu reavers
  A frost giant (Depths:1)
  A very ugly thing (Depths:1)
  2 stone giants
  An ettin (Vaults:5)
  4 vault guards (Vaults:4)
  A hell knight (Depths:1)
  2 glowing orange brains (Depths:1)
  An orc knight (Vaults:5)
  3 necromancers (Depths:1)
  An ugly thing (Depths:1)
22 creatures vanquished.

Vanquished Creatures (others)
  A fire giant (Vaults:5)
  A deep elf sorcerer (Elf:3)
  A deep elf elementalist (Elf:3)
  A deep elf knight (Elf:1)
  An occultist (Elf:1)
  A vampire mage (Vaults:2)
  A salamander mystic (Volcano)
  2 skysharks (Elf:3)
  A naga ritualist (Snake:4)
  A deep elf pyromancer (Elf:3)
  2 manticores
  A freezing wraith (Vaults:5)
  A golden eye (Slime:2)
  A naga (Snake:2)
  A killer bee (D:11)
  A butterfly (D:15)
  18 tentacles
36 creatures vanquished.

Grand Total: 2343 creatures vanquished

Notes
Turn   | Place    | Note
-------+----------+-------------------------------------------
     0 | D:1      | Malachi the Demonspawn Hunter began the quest for the Orb.
     0 | D:1      | Reached XP level 1. HP: 16/16 MP: 1/1
     3 | D:1      | Noticed an electric eel
     4 | D:1      | Noticed an electric eel
   345 | D:1      | Gained mutation: You regenerate magic rapidly. [demonic
                  | ancestry]
   345 | D:1      | Reached XP level 2. HP: 22/22 MP: 2/2
   643 | D:1      | Reached XP level 3. HP: 21/27 MP: 3/3
  1365 | D:2      | Reached skill level 5 in Ranged Weapons
  1491 | D:2      | Gained mutation: When hurt, damage is shared between your
                  | health and your magic reserves. [demonic ancestry]
  1491 | D:2      | Reached XP level 4. HP: 33/33 MP: 4/4
  1547 | D:2      | Found a bloodstained altar of Trog.
  2176 | D:3      | Found a large runed translucent door.
  2176 | D:3      | Found a large runed translucent door.
  2192 | D:3      | Reached skill level 1 in Invocations
  2264 | D:3      | Found Milotax's General Store.
  2278 | D:3      | Bought a scroll of identify for 24 gold pieces
  2371 | D:3      | Noticed Fildev's ghost (amateur HOBe)
  2429 | D:3      | Gained mutation: Your mind is acute. (Int +4, Str/Dex -1)
                  | [potion of mutation]
  2429 | D:3      | Gained mutation: You possess an exceptional clarity of
                  | mind. [potion of mutation]
  2429 | D:3      | Gained mutation: Your flesh is heat resistant. (rF+)
                  | [potion of mutation]
  2513 | D:3      | Identified the +7 hand axe of Vaomag {freeze, rElec}
  2607 | D:4      | Reached skill level 2 in Invocations
  2618 | D:4      | Gained mutation: You are partially covered in large bone
                  | plates. (SH +4) [demonic ancestry]
  2618 | D:4      | Reached XP level 5. HP: 2/38 MP: 1/6
  2785 | D:4      | Found a staircase to the Ecumenical Temple.
  3248 | D:4      | Noticed a water moccasin
  3255 | D:4      | Killed a water moccasin
  3256 | D:4      | Reached skill level 3 in Invocations
  3256 | D:4      | Gained mutation: You are partially covered in sharp spines.
                  | [demonic ancestry]
  3256 | D:4      | Reached XP level 6. HP: 42/44 MP: 6/8
  3509 | D:4      | Reached skill level 4 in Invocations
  3899 | D:5      | Entered Level 5 of the Dungeon
  4030 | D:5      | Found a sparkling altar of Nemelex Xobeh.
  4092 | D:5      | Reached skill level 5 in Invocations
  4814 | D:6      | Found an ornate altar of the Wu Jian Council.
  4871 | D:6      | Noticed an ice beast
  4878 | D:6      | Killed an ice beast
  4879 | D:6      | Gained mutation: You are mostly covered in large bone
                  | plates. (SH +6) [demonic ancestry]
  4879 | D:6      | Reached XP level 7. HP: 50/50 MP: 9/11
  4898 | D:6      | Reached skill level 6 in Invocations
  4931 | D:6      | Noticed Duvessa
  4934 | D:6      | Noticed Dowan
  4938 | D:6      | Killed Duvessa
  4944 | D:6      | Killed Dowan
  4952 | D:6      | Reached skill level 7 in Invocations
  5206 | D:6      | Reached XP level 8. HP: 45/56 MP: 8/13
  5246 | D:6      | Found an opulent altar of Gozag.
  5255 | D:6      | Found a shimmering blue altar of Sif Muna.
  5410 | Temple   | Entered the Ecumenical Temple
  5420 | Temple   | Became a worshipper of Makhleb the Destroyer
  5648 | D:7      | Reached skill level 8 in Invocations
  5981 | D:7      | Reached skill level 9 in Invocations
  5993 | D:7      | Found a flagged portal.
  5998 | D:7      | Reached * piety under Makhleb
  6008 | Bailey   | Entered a bailey
  6290 | Bailey   | Identified the +0 leather armour of Time Monsters {*Corrode
                  | rN+ Dex+5}
  6310 | Bailey   | Reached skill level 10 in Invocations
  6347 | Bailey   | Reached ** piety under Makhleb
  6348 | Bailey   | Gained mutation: You have a pair of small antennae on your
                  | head. [demonic ancestry]
  6348 | Bailey   | Reached XP level 9. HP: 21/61 MP: 8/16
  7607 | D:8      | Reached skill level 1 in Armour
  7609 | D:8      | Reached skill level 11 in Invocations
  8235 | D:9      | Found Saamir Rued's Distillery.
  8277 | D:9      | Gained mutation: You have a pair of antennae on your head.
                  | [demonic ancestry]
  8277 | D:9      | Reached XP level 10. HP: 73/73 MP: 18/18
  8322 | D:9      | Noticed Erolcha
  8327 | D:9      | Killed Erolcha
  8328 | D:9      | Reached skill level 5 in Fighting
  8328 | D:9      | Reached skill level 10 in Ranged Weapons
  8328 | D:9      | Reached skill level 12 in Invocations
  9012 | D:9      | Identified the +1 cloak of the Barracuda {Will+ Int+5 SInv}
  9029 | D:9      | Found a staircase to the Orcish Mines.
  9184 | D:10     | Entered Level 10 of the Dungeon
  9197 | D:10     | Noticed an ice statue
  9235 | Orc:1    | Entered Level 1 of the Orcish Mines
  9325 | Orc:1    | Found a dark tunnel.
  9406 | Volcano  | Entered a volcano
  9423 | Volcano  | Noticed a salamander
  9426 | Volcano  | Killed a salamander
  9453 | Volcano  | Noticed a red draconian
  9453 | Volcano  | Noticed a salamander
  9489 | Volcano  | Killed a salamander
  9513 | Volcano  | Killed a red draconian
  9514 | Volcano  | Reached skill level 5 in Armour
  9514 | Volcano  | Gained mutation: You are mostly covered in sharp spines.
                  | [demonic ancestry]
  9514 | Volcano  | Reached XP level 11. HP: 75/83 MP: 12/20
  9583 | Volcano  | Reached skill level 13 in Invocations
  9607 | Volcano  | Noticed a salamander mystic
  9616 | Volcano  | Killed a salamander mystic
  9965 | Orc:1    | Noticed an orc sorcerer
  9965 | Orc:1    | Paralysed by an orc sorcerer for 3 turns
  9972 | Orc:1    | Noticed a sun demon
  9974 | Orc:1    | Noticed a sun demon
  9979 | Orc:1    | Killed an orc sorcerer
 10007 | Orc:1    | Reached *** piety under Makhleb
 10464 | D:3      | Bought a scroll of acquirement for 624 gold pieces
 10464 | D:3      | Acquired 838 gold pieces
 10466 | D:3      | Bought the +3 pair of mountain boots {steadfast, rC+} for
                  | 402 gold pieces
 10466 | D:3      | Found the +3 pair of mountain boots {steadfast, rC+}
 10466 | D:3      | Bought a scroll of enchant weapon for 90 gold pieces
 10466 | D:3      | Bought a scroll of enchant weapon for 90 gold pieces
 10466 | D:3      | Bought a potion of heal wounds for 60 gold pieces
 10466 | D:3      | Bought a scroll of teleportation for 36 gold pieces
 10631 | Orc:2    | Entered Level 2 of the Orcish Mines
 10797 | Orc:2    | Noticed an orc sorcerer
 10803 | Orc:2    | Killed an orc sorcerer
 10809 | Orc:2    | Reached **** piety under Makhleb
 10830 | Orc:2    | Reached skill level 14 in Invocations
 10845 | Orc:2    | Noticed an orc high priest
 10853 | Orc:2    | Killed an orc high priest
 10879 | Orc:2    | Noticed an orc knight
 10887 | Orc:2    | Killed an orc knight
 11114 | Orc:2    | Gained mutation: You have a pair of large antennae on your
                  | head. (SInv) [demonic ancestry]
 11114 | Orc:2    | Reached XP level 12. HP: 78/94 MP: 21/22
 11149 | Orc:2    | Found a staircase to the Elven Halls.
 11314 | Orc:2    | Noticed an orc warlord
 11334 | Orc:2    | Killed an orc warlord
 11405 | Orc:2    | Found Gussaurch's Weapon Boutique.
 11405 | Orc:2    | Noticed an orc high priest
 11414 | Orc:2    | Killed an orc high priest
 11480 | Orc:2    | Noticed an orc high priest
 11487 | Orc:2    | Killed an orc high priest
 11494 | Orc:2    | Reached ***** piety under Makhleb
 11543 | Orc:2    | Noticed an orc high priest
 11557 | Orc:2    | Killed an orc high priest
 11750 | Orc:2    | Noticed an orc high priest
 11764 | Orc:2    | Killed an orc high priest
 11812 | Orc:2    | Found Nuin Wuur's Magic Scroll Emporium.
 11820 | Orc:2    | Bought a scroll of blinking for 105 gold pieces
 11820 | Orc:2    | Bought a scroll of teleportation for 42 gold pieces
 11820 | Orc:2    | Bought a scroll of identify for 28 gold pieces
 11820 | Orc:2    | Bought a scroll of identify for 28 gold pieces
 11820 | Orc:2    | Bought a scroll of brand weapon for 133 gold pieces
 11820 | Orc:2    | Bought a scroll of brand weapon for 133 gold pieces
 12202 | Orc:2    | Reached skill level 10 in Fighting
 12244 | Orc:2    | Found Voiprip's Antique Armour Boutique.
 12282 | Orc:2    | Found Gocaire's Antique Armour Shop.
 13094 | D:10     | Found a staircase to the Lair.
 13112 | D:10     | Reached XP level 13. HP: 38/104 MP: 7/23
 13791 | D:11     | Noticed Lodul
 13802 | D:11     | Reached ****** piety under Makhleb
 13806 | D:11     | Killed Lodul
 14313 | D:11     | Noticed Gastronok
 14324 | D:11     | Killed Gastronok
 14430 | D:11     | Reached skill level 10 in Armour
 14508 | D:11     | Found a shimmering blue altar of Sif Muna.
 14805 | D:12     | Found a sacrificial altar of Ru.
 14960 | D:12     | Noticed Frances
 14967 | D:12     | Killed Frances
 14978 | D:12     | Found a portal to a secret trove of treasure.
 15086 | D:12     | Noticed Psyche
 15089 | D:12     | Killed Psyche
 15205 | D:12     | Noticed Nergalle
 15208 | D:12     | Killed Nergalle
 15803 | D:13     | Reached XP level 14. HP: 104/115 MP: 22/24
 15821 | D:13     | Found Fienux's Magic Scroll Emporium.
 15863 | D:13     | Found Hacsaar's Jewellery Boutique.
 16134 | D:13     | Found Qonemo's General Store.
 16341 | D:13     | Reached skill level 15 in Invocations
 16669 | D:14     | Reached skill level 15 in Ranged Weapons
 16805 | D:14     | Reached skill level 16 in Invocations
 17292 | D:14     | Reached skill level 17 in Invocations
 17546 | D:14     | Found a gate to the Vaults.
 17547 | D:14     | Noticed a tengu reaver
 17572 | D:14     | Killed a tengu reaver
 17648 | D:15     | Entered Level 15 of the Dungeon
 17691 | D:15     | Gained mutation: You are completely covered in sharp
                  | spines. [demonic ancestry]
 17691 | D:15     | Reached XP level 15. HP: 120/120 MP: 27/27
 17715 | D:15     | Found a staircase to the Depths.
 17726 | D:15     | Reached skill level 18 in Invocations
 18519 | Depths:1 | Entered Level 1 of the Depths
 18523 | Depths:1 | Noticed Asterion
 18530 | Depths:1 | Reached skill level 5 in Dodging
 18786 | Depths:1 | Noticed an Executioner
 18787 | Depths:1 | Noticed a frost giant
 18808 | D:15     | Killed Asterion
 18992 | Lair:1   | Entered Level 1 of the Lair of Beasts
 19115 | Lair:1   | Found a frozen archway.
 19119 | IceCv    | Entered an ice cave
 19381 | IceCv    | Reached skill level 19 in Invocations
 19867 | IceCv    | Found a viscous altar of Jiyva.
 19867 | IceCv    | Noticed an azure jelly
 19870 | IceCv    | Noticed an azure jelly
 19873 | IceCv    | Killed an azure jelly
 19887 | IceCv    | Killed an azure jelly
 19966 | IceCv    | Identified the ring of Conformity {Fly rPois rN+ Will+
                  | Slay-3}
 20218 | Lair:1   | Noticed Joseph
 20232 | Lair:1   | Killed Joseph
 20818 | D:13     | Bought a scroll of acquirement for 936 gold pieces
 20818 | D:13     | Acquired the +1 cloak of Starlight {*Dazzle EV+4 Stlth--}
 20818 | D:13     | Found the +1 cloak of Starlight {*Dazzle EV+4 Stlth--}
 21791 | Lair:3   | Reached XP level 16. HP: 127/127 MP: 29/29
 21799 | Lair:3   | Found a staircase to the Shoals.
 21875 | Lair:3   | Found a staircase to the Snake Pit.
 22030 | Lair:3   | Acquired the +2 pair of boots "Xaqoyxai" {-Cast rElec rC+
                  | rCorr}
 22144 | Lair:4   | Identified the +4 mace of Qyikh {venom, MP+9 Str+6}
 22164 | Lair:4   | Found a runed translucent door.
 22165 | Lair:4   | Found a staircase to the Slime Pits.
 22195 | Lair:4   | Reached skill level 10 in Dodging
 23149 | Lair:5   | Entered Level 5 of the Lair of Beasts
 23362 | Lair:5   | Found the brooch of Shielding {Spirit SH+8}
 24167 | Lair:5   | Reached skill level 20 in Invocations
 24464 | Lair:5   | Found a runed translucent gate.
 24464 | Lair:5   | Found a runed translucent gate.
 24464 | Lair:5   | Found a runed translucent gate.
 24468 | Lair:5   | Noticed peterlawrence's ghost (journeyman MiFi)
 24468 | Lair:5   | Noticed Pascal76's ghost (journeyman MiFi)
 24543 | Lair:5   | Killed peterlawrence's ghost
 24562 | Lair:5   | Killed Pascal76's ghost
 24843 | Lair:5   | Found the +4 Cigotuvi's embrace {Corpsefed rMiasma Drain
                  | rN+}
 24867 | Lair:5   | Gained mutation: You occasionally shout uncontrollably at
                  | your foes. [a neqoxec]
 25043 | Lair:5   | Lost mutation: Your mind is acute. (Int +4, Str/Dex -1)
                  | [potion of mutation]
 25043 | Lair:5   | Lost mutation: You occasionally shout uncontrollably at
                  | your foes. [potion of mutation]
 25043 | Lair:5   | Lost mutation: You possess an exceptional clarity of mind.
                  | [potion of mutation]
 25043 | Lair:5   | Gained mutation: You have large cloven feet. [potion of
                  | mutation]
 25043 | Lair:5   | Gained mutation: You have hoof-like feet. [potion of
                  | mutation]
 25043 | Lair:5   | Gained mutation: Your flesh is very heat resistant. (rF++)
                  | [potion of mutation]
 25407 | Depths:1 | Found a gateway to Hell.
 25458 | Depths:1 | Reached skill level 15 in Fighting
 25642 | Depths:1 | Reached XP level 17. HP: 124/143 MP: 18/31
 25920 | Depths:1 | Found a one-way gate leading to the halls of Pandemonium.
 25932 | Depths:1 | HP: 4/144 [poison (poison gas)]
 25937 | Depths:1 | HP: 3/144 [poison (poison gas)]
 26378 | Depths:1 | Found a hazy altar of Hepliaklqana.
 26737 | Snake:1  | Entered Level 1 of the Snake Pit
 26737 | Snake:1  | Noticed Omnilove's ghost (journeyman MiBe)
 26737 | Snake:1  | Found a runed translucent door.
 26758 | Snake:1  | Killed Omnilove's ghost
 27288 | Abyss:2  | Cast into level 2 of the Abyss (naga warrior)
 27294 | Snake:2  | Escaped the Abyss
 27948 | D:13     | Bought the ring "Wiohoih" {rElec Will- AC+4 Int-5 Slay+5}
                  | for 675 gold pieces
 28288 | Snake:2  | Acquired a +2 heavy hand cannon
 28403 | Snake:2  | Noticed Roxanne
 28424 | Snake:2  | Killed Roxanne
 28505 | Snake:2  | Noticed Azrael
 28523 | Snake:2  | Killed Azrael
 29076 | D:13     | Bought a scroll of enchant weapon for 135 gold pieces
 29439 | Snake:3  | Noticed Bai Suzhen
 29457 | Snake:3  | Killed Bai Suzhen
 29658 | Snake:3  | Noticed Mlioglotl
 29667 | Snake:3  | Killed Mlioglotl
 29808 | Snake:3  | Noticed Agnes
 29812 | Snake:3  | Killed Agnes
 30164 | Snake:3  | Identified the +4 orcbow of Caustic Integrity {heavy, rF+
                  | Int+3}
 30307 | Snake:4  | Entered Level 4 of the Snake Pit
 30775 | Snake:4  | Reached XP level 18. HP: 154/157 MP: 32/32
 31048 | Snake:4  | Got a serpentine rune of Zot
 31304 | Snake:4  | Reached skill level 21 in Invocations
 31456 | Snake:4  | Acquired the +4 kite shield of Plasticity {rF++ rN+ Str-3
                  | SInv}
 32135 | Shoals:1 | Entered Level 1 of the Shoals
 32141 | Shoals:1 | Reached skill level 1 in Shields
 32321 | Shoals:1 | Noticed Jorgrun
 32343 | Shoals:1 | Killed Jorgrun
 32347 | Shoals:1 | Reached skill level 22 in Invocations
 32743 | D:13     | Bought a scroll of enchant armour for 97 gold pieces
 33039 | Shoals:1 | Reached skill level 5 in Shields
 33563 | Shoals:2 | Found Qurumet's Overcharged Wands.
 34038 | Shoals:2 | Noticed Ilsuiw
 34069 | Shoals:2 | Killed Ilsuiw
 34154 | Shoals:2 | Gained mutation: You are completely covered in large bone
                  | plates. (SH +8) [demonic ancestry]
 34154 | Shoals:2 | Reached XP level 19. HP: 163/163 MP: 34/34
 34577 | Shoals:3 | Identified the +0 pair of gloves "Dangi" {rElec}
 34577 | Shoals:3 | Noticed Nikola
 34586 | Shoals:3 | Killed Nikola
 35153 | Shoals:4 | Entered Level 4 of the Shoals
 35311 | Shoals:4 | Reached skill level 10 in Shields
 35361 | Shoals:4 | Identified the +1 war axe of Internal Strife {flame, rElec
                  | rF+ Will- SInv}
 35463 | Shoals:4 | Got a barnacled rune of Zot
 36127 | Vaults:1 | Entered Level 1 of the Vaults
 36536 | Vaults:1 | Got the Papyrus of the Volcano and the Entourage
 36553 | Vaults:1 | Got Yjaaxuoj's Excursus on Geometry and the Snowflakes
 36574 | Vaults:1 | Noticed Donald
 36589 | Vaults:1 | Killed Donald
 37155 | Vaults:1 | Gained mutation: When low on magic, you restore magic in
                  | place of health. [demonic ancestry]
 37155 | Vaults:1 | Reached XP level 20. HP: 123/170 MP: 20/35
 37181 | Vaults:1 | Found Tuil's Distillery.
 37705 | Vaults:2 | Reached skill level 15 in Shields
 38355 | Vaults:2 | Found a staircase to the Crypt.
 38380 | Vaults:2 | Found Edaj's Antique Armour Boutique.
 39160 | Vaults:3 | Paralysed by a formless jellyfish for 1 turns
 39380 | Vaults:3 | Noticed Xtahua
 39384 | Vaults:3 | Killed Xtahua
 39537 | Vaults:3 | Reached XP level 21. HP: 104/177 MP: 36/36
 39829 | Vaults:3 | Noticed Boris
 39837 | Vaults:3 | Killed Boris
 40482 | Vaults:4 | Found Wullaqurph's Antique Weapon Shop.
 41240 | Vaults:4 | Found a runed translucent door.
 41240 | Vaults:4 | Noticed TuffENuff's ghost (veteran FoFi)
 41687 | Vaults:4 | Killed TuffENuff's ghost
 41734 | Vaults:5 | Entered Level 5 of the Vaults
 41744 | Vaults:5 | Noticed a golden dragon
 41770 | Vaults:4 | Reached skill level 23 in Invocations
 41778 | Vaults:4 | HP: 6/173 [tengu reaver/bolt of fire (3)]
 42169 | Vaults:5 | Killed a golden dragon
 42183 | Vaults:5 | Identified the +5 broad axe of Ru's Delight {venom, Int+2}
 42229 | Vaults:5 | Reached skill level 24 in Invocations
 42230 | Vaults:5 | Identified the ring of the Slimy Sultana {Ice rPois Int+4}
 42256 | Vaults:5 | Identified the +5 great mace "Iwenn" {protect, Fragile rN+
                  | Str+5}
 42258 | Vaults:5 | Identified the +9 hand axe of Ixkitusk {freeze, rC- rN+
                  | Dex+4 Stlth+}
 42328 | Vaults:5 | Identified the +7 war axe "Demonspawn's Foe" {venom,
                  | *Corrode rElec rF+ Dex+5}
 42343 | Vaults:5 | Gained mutation: You punish those that try to bend your
                  | will. (Will+) [demonic ancestry]
 42343 | Vaults:5 | Reached XP level 22. HP: 151/184 MP: 35/38
 42456 | Vaults:5 | Noticed a golden dragon
 42463 | Vaults:5 | Killed a golden dragon
 42504 | Vaults:5 | Reached skill level 25 in Invocations
 42629 | Vaults:5 | Found the +9 staff of Olgreb {rPois∞}
 42657 | Vaults:5 | Identified the +0 leather armour "Piuni" {-Tele Str+4}
 42823 | Vaults:5 | Identified the +8 falchion "Quomyri" {protect, Str+2 Dex+2}
 42927 | Vaults:5 | Reached skill level 26 in Invocations
 43051 | Vaults:5 | Identified the +4 ring mail of the Shoals {rElec rF+}
 43157 | Vaults:5 | Identified the amulet of Zurosepeo {Reflect Harm rC- MP+9
                  | SH+5}
 43430 | Vaults:5 | Identified the +0 long sword of the Ass {freeze, rPois rC-
                  | Str+3 Dex+5}
 43570 | Vaults:5 | Got a silver rune of Zot
 43935 | Elf:1    | Entered Level 1 of the Elven Halls
 44123 | Elf:1    | Reached skill level 27 in Invocations
 44188 | Elf:1    | Paralysed by an air elemental for 1 turns
 44230 | Elf:1    | Paralysed by an air elemental for 1 turns
 45589 | Elf:2    | Paralysed by an air elemental for 1 turns
 45813 | Elf:2    | Found a runed translucent gate.
 45814 | Elf:2    | Found a runed translucent gate.
 45814 | Elf:2    | Found a runed translucent gate.
 46050 | Elf:2    | Gained mutation: You are resistant to unholy torment.
                  | [demonic ancestry]
 46050 | Elf:2    | Reached XP level 23. HP: 173/183 MP: 37/40
 46426 | Elf:3    | Entered Level 3 of the Elven Halls
 46454 | Elf:3    | Found a transporter.
 46454 | Elf:3    | Noticed kal9871's ghost (veteran OpSh)
 46477 | Elf:3    | Identified the +0 scale mail "Poap Pant" {rC+ Str+2 Dex+3}
 46712 | Elf:3    | Found Jeumirch's Jewellery Boutique.
 46712 | Elf:3    | Found Arun's Book Shoppe.
 46713 | Elf:3    | Found Tiody's Book Shoppe.
 46818 | Elf:3    | Reached skill level 1 in Evocations
 46819 | Elf:3    | Noticed Norris
 46850 | Elf:3    | Killed Norris
 46902 | Elf:3    | Reached skill level 5 in Evocations
 46994 | Elf:3    | Paralysed by an air elemental for 1 turns
 46995 | Elf:3    | Identified the +11 dagger "Feiklum" {venom, rPois Str+3
                  | Stlth-}
 47190 | Elf:3    | Found the +8 pair of quick blades "Gyre" and "Gimble"
                  | {protect}
 47205 | Elf:3    | Got the Textbook on White Translocation
 47377 | Elf:3    | Found a transporter.
 47604 | Elf:3    | Paralysed by an air elemental for 1 turns
 47673 | Elf:3    | Killed kal9871's ghost
 48076 | Crypt:1  | Entered Level 1 of the Crypt
 48414 | Crypt:1  | Reached skill level 10 in Evocations
 48809 | Crypt:1  | Noticed Sojobo
 48830 | Crypt:1  | Killed Sojobo
 49229 | Crypt:2  | Noticed a royal mummy
 49232 | Crypt:2  | Noticed Khufu
 49244 | Crypt:2  | Killed a royal mummy
 49265 | Crypt:2  | Killed Khufu
 49341 | Crypt:2  | Reached XP level 24. HP: 83/198 MP: 31/40
 49609 | Crypt:2  | Noticed Grunn
 49626 | Crypt:2  | Killed Grunn
 49931 | Crypt:2  | Noticed Margery
 49963 | Crypt:2  | Killed Margery
 50105 | Crypt:2  | Found a basalt altar of Yredelemnul.
 50373 | Crypt:3  | Entered Level 3 of the Crypt
 50373 | Crypt:3  | Found a basalt altar of Yredelemnul.
 50555 | Crypt:3  | Found a staircase to the Tomb.
 50643 | Crypt:3  | Found a magical portal.
 50648 | WizLab   | Entered Cigotuvi's Fleshworks
 50918 | WizLab   | Found the -2 hat of the Alchemist {rElec rPois rF+ rC+ rN+
                  | Will+ rMut rCorr}
 51718 | Crypt:3  | Noticed an ancient lich
 51727 | Crypt:3  | Killed an ancient lich
 51743 | Crypt:3  | Identified the ring "Tuolafes" {rPois rCorr}
 51747 | Crypt:3  | Identified the +0 ring mail of Daisies {rN++ Will- Regen+
                  | rCorr}
 52165 | Crypt:3  | Identified the +5 scale mail "Doil" {*Corrode Dex+2 Slay+6}
 52482 | Crypt:3  | Gained mutation: You can hurl damnation. [demonic ancestry]
 52482 | Crypt:3  | Reached XP level 25. HP: 210/210 MP: 40/40
 53570 | Hell     | Entered the Vestibule of Hell
 53570 | Hell     | Noticed Geryon
 53574 | Hell     | Noticed Murray
 53980 | Depths:1 | Killed Murray
 54315 | Depths:1 | Reached skill level 15 in Armour
 54315 | Depths:1 | Reached skill level 15 in Dodging
 54903 | Hell     | Noticed an ancient lich
 55761 | Depths:1 | Killed an ancient lich
 56258 | Hell     | Killed Geryon
 56464 | Hell     | Found a gateway to the freezing wastes of Cocytus.
 56503 | Hell     | Found a gateway to the decaying netherworld of Tartarus.
 56543 | Hell     | Found a gateway to the ashen valley of Gehenna.
 56621 | Hell     | Found a gateway to the Iron City of Dis.
 56926 | D:12     | You paid a toll of the horn of Geryon to enter a treasure
                  | trove
 56927 | Trove    | Entered a treasure trove
 57348 | Elf:3    | Bought the death talisman "Huixina" {+Blink Int-3 Dex+6}
                  | for 3675 gold pieces
 57754 | Slime:1  | Entered Level 1 of the Pits of Slime
 57760 | Slime:1  | Reached skill level 1 in Shapeshifting
 58036 | Slime:2  | Reached skill level 5 in Shapeshifting
 58037 | Slime:2  | Gained mutation: Your body sometimes deteriorates upon
                  | taking damage. [a shining eye]
 58039 | Slime:2  | Paralysed by a formless jellyfish for 1 turns
 58040 | Slime:2  | Gained mutation: Your body often deteriorates upon taking
                  | damage. [a shining eye]
 58041 | Slime:2  | Paralysed by a formless jellyfish for 1 turns
 58042 | Slime:2  | Gained mutation: You are frail. (-10% HP) [a shining eye]
 58044 | Slime:2  | Gained mutation: You are very frail. (-20% HP) [a shining
                  | eye]
 58047 | Slime:1  | Paralysed by a formless jellyfish for 1 turns
 58048 | Slime:1  | Gained mutation: You occasionally shout uncontrollably at
                  | your foes. [a shining eye]
 58050 | Slime:1  | HP: 6/171 [acid blob/splash of acid (7)]
 58050 | Slime:1  | Demolished by a formless jellyfish

Illustrated notes

Levels and vault maps discovered:
D:1:      arrival_aquarium_b, layout_basic, grunt_decor_clamped,
          minmay_tetromino_t2
D:2:      layout_loops_ring, basic_altar
D:3:      layout_rooms, serial_shops, nicolae_shop_getting_attention,
          ebering_ghost_disaster_area, minivault_11
D:4:      layout_loops_corners, minmay_temple_entry_trees
D:5:      layout_basic, nemelex_diamond_rough_becter
D:6:      layout_basic, nzn_wu_jian_council_hall, mainiacjoe_overflow_big_doors,
          uniq_duvessa
D:7:      layout_basic, enter_bailey_6
D:8:      layout_rooms
D:9:      layout_basic, orc_0_dummy, serial_shops, nicolae_diamond_shop,
          uniq_erolcha
D:10:     layout_cave_pools, david_lair_shrubbed, minivault_16
D:11:     layout_roguey, minmay_misc_feat_alley, kennysheep_orc_sif_temple,
          uniq_lodul, uniq_gastronok
D:12:     layout_stronghold, enter_trove_2, nicolae_ru_awakened_eye,
          uniq_frances, uniq_psyche, uniq_nergalle
D:13:     layout_basic, serial_shops, nicolae_shop_behind_doors,
          nicolae_shop_gaudy_bauble, nicolae_shop_tiny_real_fake_doors
D:14:     layout_loops_ring, hellmonk_vaults_attempted_burglary, special_room
          [special_room_mythical_zoo], serial_library_hellmonk_open_cross,
          minivault_25, minmay_circle_x
D:15:     gammafunk_depths_entry_grave, layout_basic, amcnicky_mini_pool_small,
          nicolae_elyvilon_peaceful_grove
Temple:   dpeg_three_leaves_temple
Lair:1:   layout_loops_ring, portal_ice_cave_entry_pillars_2, uniq_joseph
Lair:2:   layout_regular_city
Lair:3:   layout_cave_shapes, nicolae_shoals_entry_roost,
          minmay_snake_entry_guardpost_medium
Lair:4:   layout_cave_pods, slime_entry_2, grunt_megastairs_5
Lair:5:   due_jungle_book, layout_big_grid, gammafunk_ghost_cemetery
Shoals:1: layout_shoals, uniq_jorgrun
Shoals:2: layout_shoals, nicolae_shop_overcharged_wands, uniq_ilsuiw
Shoals:3: layout_shoals, uniq_nikola
Shoals:4: shoals_end_hellmonk_lost_city, serial_shops
Snake:1:  layout_cave_shapes, ebering_ghost_inner_flame,
          statue_in_the_mist_lemuel, nicolae_letterblocks
          [nicolae_letter_subblock, nicolae_letter_subblock,
          nicolae_letter_subblock, nicolae_letter_subblock,
          nicolae_letter_subblock, nicolae_letter_subblock,
          nicolae_letter_subblock, nicolae_letter_subblock,
          nicolae_letter_subblock, nicolae_letter_subblock,
          nicolae_letter_subblock, nicolae_letter_subblock,
          nicolae_letter_subblock, nicolae_letter_subblock,
          nicolae_letter_subblock, nicolae_letter_subblock,
          nicolae_letter_subblock, nicolae_letter_subblock,
          nicolae_letter_subblock, nicolae_letter_subblock,
          nicolae_letter_subblock, nicolae_letter_subblock,
          nicolae_letter_subblock, nicolae_letter_subblock,
          nicolae_letter_subblock]
Snake:2:  hangedman_cross_veins, layout_cave_town, uniq_roxanne, uniq_azrael
Snake:3:  layout_onion, nicolae_triple_integral, uniq_agnes, uniq_mlioglotl,
          uniq_bai_suzhen
Snake:4:  hellmonk_snake_rune_quicksilver_temple, layout_layer_cave,
          nicolae_snake_magic_snake_eye
Slime:1:  layout_caves
Slime:2:  layout_caves, nicolae_slime_round_cave
Orc:1:    layout_diamond_mine, nicolae_volcano_entry_s_turn, basic_altar,
          nooodl_orcs_dogs
Orc:2:    pubby_orc_utopia, serial_shops
Elf:1:    minmay_the_grid_3x3 [minmay_the_grid_aliased_spiral,
          minmay_the_grid_plusring, minmay_the_grid_stretched_grid,
          minmay_the_grid_large_cup, minmay_the_grid_holed_spiral,
          minmay_the_grid_paths, minmay_the_grid_minigrid_small,
          minmay_the_grid_minigrid_large, minmay_the_grid_prize_inner_circle],
          layout_onion_city, hangedman_elf_disciples,
          nicolae_concentric_dashed_squares_wild
Elf:2:    nicolae_elf_blades_crystal_corner, layout_gridlike,
          serial_co_window_serial, co_window_paths_a, co_window_paths_a,
          co_window_corner_a, co_window_of_opportunity_a, co_window_corner_a,
          co_window_corner_b, co_window_broadway_c, co_window_corner_b,
          co_window_corner_b, co_window_broadway_a, co_window_unsneaky_path_b,
          glass_columns_b, glass_columns_b, glass_columns_b, glass_columns_a
Elf:3:    minmay_elf_hall_dome, layout_gridlike, gammafunk_ghost_arena,
          grunt_ministairs_1, minmay_shop_grove, uniq_norris
Vaults:1: vaults_dpeg_hooks, nicolae_vaults_library_corner,
          ontoclasm_vaults_misaligned, nicolae_vaults_closet_pinwheel_6,
          nicolae_vaults_tangram_2, v_alt_pattern_1,
          nicolae_vaults_door_testing_chamber, ontoclasm_vaults_gateway,
          nicolae_vaults_turnstiles, v_misc_28, nicolae_vaults_little_squares_4,
          vaults_mumra_chevron, layout_vaults_omnicross, serial_shops, shop,
          uniq_donald
Vaults:2: minmay_crypt_entry_simple_corners, grunt_vaults_hallway_long,
          vaults_room_grunt_arrival_ludios, hangedman_vaults_locks,
          nicolae_vaults_sightless_eye, nicolae_vaults_three_branches,
          ontoclasm_vaults_spin, nicolae_vaults_mini_display_case,
          vaults_room_door_ring, vaults_room_hangedman_quadrants,
          serial_library_hellmonk_big_corner, v_misc_17, layout_vaults_ring,
          serial_shops, shop
Vaults:3: grunt_vaults_swirl, v_alt_pattern_6, dpeg_vaults_waves,
          nicolae_vaults_doubleplus_tesselated, nicolae_vaults_big_ls,
          v_misc_28, nicolae_vaults_border_crossing,
          nicolae_vaults_little_squares_3, vaults_dpeg_emergency_exit,
          layout_vaults_omnigrid, uniq_boris, uniq_xtahua
Vaults:4: gammafunk_ghost_grave, nicolae_vaults_mitosis,
          nicolae_vaults_network_barrier, nicolae_vaults_trapezoid_lopsided_2,
          v_misc_4, nicolae_vaults_apartment_1, nicolae_vaults_double_plus_1,
          layout_vaults_chaotic_city, serial_shops,
          nicolae_shop_advertising_works [nicolae_subvault_shop_adworks]
Vaults:5
Crypt:1:  hangedman_screamer, layout_chaotic_city, grunt_ministairs_8,
          grunt_megastairs_3, grunt_crypt_arrival_split, lemuel_upstairs_altar,
          uniq_sojobo
Crypt:2:  layout_chaotic_city, lemuel_mausoleum_altar_yredelemnul, uniq_margery,
          uniq_khufu, uniq_grunn
Crypt:3:  due_elkab, layout_chaotic_city, nicolae_tomb_entry_grand_gallery,
          mu_enter_wizlab_7, basic_altar
Depths:1: layout_cave_pools, grunt_pan_entry_zigzag,
          pf_vacation_house_of_asmodeus, nrook_campfire,
          chequers_decorated_corner, nicolae_hepliaklqana_hippocampus,
          serial_bayou_shore_b, uniq_asterion
Hell

Skill      XL: |  1  2  3  4  5  6  7  8  9 10 11 12 13 14 15 16 17 18 19 20 21 22 23 24 25 |
---------------+----------------------------------------------------------------------------+-----
Ranged Weapons | 4 5 6 7 8 9 10 11 12 14 16 17 18 | 18.1
Invocations    | 2 3 5 7 10 11 12 14 17 19 20 22 24 27 | 27.0
Fighting       | 4 6 8 10 12 15 18 19 20 21 | 21.3
Armour         | 2 5 7 9 10 11 14 15 | 15.0
Dodging        | 9 10 11 14 15 | 15.0
Shields        | 7 14 19 21 | 21.0
Evocations     | 10 | 10.0
Shapeshifting  | 5 |  5.5
Stealth        | |  0.8

Action                     |  1- 3 |  4- 6 |  7- 9 | 10-12 | 13-15 | 16-18 | 19-21 | 22-24 | 25-27 || total
---------------------------+-------+-------+-------+-------+-------+-------+-------+-------+-------++-------
   Fire: Shortbow          |   122 |   104 |       |       |       |       |       |       |       ||   226
         Orcbow            |       |    99 |   330 |   758 |  1095 |  1275 |       |       |       ||  3557
         Hand cannon       |       |       |       |       |       |   296 |  1749 |  1983 |   282 ||  4310
 Invoke: Major Destruction |       |       |       |    10 |     1 |     5 |       |    11 |     4 ||    31
         Greater Servant o |       |       |       |       |     3 |     2 |     1 |     4 |       ||    10
  Evoke: Wand              |       |       |     2 |     2 |       |       |       |       |       ||     4
         Tin of tremorston |       |       |       |       |       |       |       |       |     2 ||     2
    Use: Scroll            |       |    12 |     5 |     8 |     8 |    16 |     3 |    11 |       ||    63
         Potion            |       |     7 |       |     3 |     2 |     3 |     3 |     5 |     1 ||    24
 Armour: Leather armour    |    33 |    26 |    72 |       |       |       |       |       |       ||   131
         Skin              |    11 |    22 |       |       |       |       |     4 |       |       ||    37
         Troll leather arm |       |       |    28 |   310 |   490 |   609 |   515 |   536 |   486 ||  2974
  Dodge: Dodged            |    65 |    34 |   128 |   218 |   352 |   782 |   646 |   741 |   855 ||  3821
         Repelled          |       |       |       |     1 |     8 |       |       |       |       ||     9
  Block: Other             |       |    12 |    41 |   201 |   280 |   382 |       |       |       ||   916
         Reflection        |       |       |       |    16 |    20 |    28 |   185 |   106 |     2 ||   357
         Kite shield       |       |       |       |       |       |   274 |  2143 |  2090 |   734 ||  5241

Table legend: (Time is in decaauts)
 A = Elapsed time spent in this place.
 B = Non-inter-level travel time spent in this place.
 C = Inter-level travel time spent in this place.
 D = Time resting spent in this place.
 E = Time spent auto-exploring this place.
 F = Levels seen in this place.
 G = Mean time per level.
                   A        B        C        D        E       F      G
               +--------+--------+--------+--------+--------+-----+--------+
         Total |  59709 |  51096 |   8613 |   7027 |  28579 |  52 | 1148.2 |
       Dungeon |  17683 |  13474 |   4209 |   1272 |   9057 |  15 | 1178.9 |
        Temple |     20 |     11 |      9 |      0 |      0 |   1 |   20.0 |
          Lair |   6000 |   4751 |   1249 |    687 |   2946 |   5 | 1200.0 |
        Shoals |   3272 |   3152 |    120 |      0 |   2079 |   4 |  818.0 |
     Snake Pit |   4693 |   4225 |    468 |    121 |   2943 |   4 | 1173.2 |
    Slime Pits |    326 |    310 |     16 |      0 |    216 |   2 |  163.0 |
  Orcish Mines |   3464 |   2877 |    587 |    378 |   1455 |   2 | 1732.0 |
   Elven Halls |   4637 |   3647 |    990 |    338 |   2146 |   3 | 1545.7 |
        Vaults |   7475 |   7088 |    387 |    300 |   4271 |   5 | 1495.0 |
         Crypt |   4203 |   3787 |    416 |    170 |   1976 |   3 | 1401.0 |
        Depths |   3904 |   3787 |    117 |   2642 |    506 |   1 | 3904.0 |
          Hell |    765 |    726 |     39 |    158 |    256 |   1 |  765.0 |
         Abyss |      5 |      5 |      0 |      0 |      0 |   1 |    5.0 |
         Trove |    103 |    103 |      0 |      0 |      0 |   1 |  103.0 |
        Bailey |   1104 |   1104 |      0 |    474 |    286 |   1 | 1104.0 |
      Ice Cave |    963 |    963 |      0 |    463 |    163 |   1 |  963.0 |
       Volcano |    293 |    293 |      0 |     24 |     82 |   1 |  293.0 |
        Wizlab |    791 |    791 |      0 |      0 |    195 |   1 |  791.0 |
               +--------+--------+--------+--------+--------+-----+--------+

Top non-repeatable levels by time:
Depths:1: 3904 daAuts
   Orc:2: 2665 daAuts
  Lair:5: 1941 daAuts
   Elf:1: 1768 daAuts
   Elf:3: 1742 daAuts
Vaults:4: 1728 daAuts
 Crypt:3: 1728 daAuts
 Snake:4: 1712 daAuts
    D:14: 1660 daAuts
Vaults:3: 1592 daAuts
     D:4: 1558 daAuts
Vaults:5: 1551 daAuts
    D:12: 1515 daAuts
    D:10: 1502 daAuts
     D:9: 1447 daAuts
